 Dungeon Crawl Stone Soup version 0.16-a0-3171-gce70061 (webtiles) character file.

1184 Ololoev the Slasher (level 8, 0/58 HPs)
             Began as a Mummy Chaos Knight on Dec 16, 2014.
             Was a Plaything of Xom.
             Slain by a hound (4 damage)
             ... on level 4 of the Dungeon.
             The game lasted 00:16:55 (6747 turns).

Ololoev the Slasher (Mummy Chaos Knight)            Turns: 6747, Time: 00:16:55

Health: 0/58       AC:  6    Str: 17    XL:     8   Next: 19%
Magic:  8/8        EV: 11    Int: 11    God:    Xom [..*...]
Gold:   189        SH:  0    Dex: 11    Spells: 1 memorised, 5 levels left

rFire  x . .     SeeInvis .     a - +0 falchion (chaos)
rCold  + . .     Clarity  .     b - +3 leather armour
rNeg   + + +     SustAb   .     (no shield)
rPois  ∞         Gourm    .     (no helmet)
rElec  .         Spirit   .     (no cloak)
rCorr  .         Warding  .     (no gloves)
rMut   .         Stasis   .     (no boots)
MR     +....                    (no amulet)
Stlth  +.........               (no ring)
                                (no ring)

@: repel missiles, somewhat resistant to hostile enchantments, very unstealthy
A: no food or potions, fire vulnerability, restore body, cold resistance 1,
negative energy resistance 3, poison resistance, torment resistance, unbreathing
a: Renounce Religion


You were on level 4 of the Dungeon.
You worshipped Xom.
You were a toy of Xom.
You were not hungry.

You visited 1 branch of the dungeon, and saw 4 of its levels.

You collected 189 gold pieces.

Notes
Turn   | Place    | Note
--------------------------------------------------------------
     0 | D:1      | Ololoev, the Mummy Chaos Knight, began the quest for the Orb.
     0 | D:1      | Reached XP level 1. HP: 18/18 MP: 1/1
    98 | D:1      | XOM: butterfly on damage
   128 | D:1      | XOM: butterfly on damage
   234 | D:1      | XOM: divination: magic mapping
   360 | D:1      | XOM: 2-stop teleportation journey
   397 | D:1      | Reached XP level 2. HP: 22/24 MP: 2/2
   608 | D:1      | XOM: medium Necr miscast
   945 | D:2      | Reached XP level 3. HP: 18/29 MP: 3/3
   948 | D:2      | XOM: noise
   981 | D:2      | Found a shadowy altar of Dithmenos.
   981 | D:2      | XOM: 3-stop teleportation journey
  1310 | D:2      | XOM: god gift: blowgun {god gift}
  1358 | D:2      | Learned a level 1 spell: Magic Dart
  1358 | D:2      | XOM: god gift: shiny scale mail {god gift}
  1387 | D:2      | Reached skill level 4 in Long Blades
  1694 | D:3      | Reached XP level 4. HP: 25/35 MP: 4/4
  1805 | D:3      | XOM: butterfly on damage
  2021 | D:3      | Reached skill level 1 in Conjurations
  2215 | D:3      | XOM: scenery: 1 doors close
  2463 | D:3      | XOM: vitrification
  2488 | D:3      | Reached XP level 5. HP: 17/41 MP: 5/5
  3266 | D:3      | Noticed a giant frog
  3273 | D:3      | Killed a giant frog
  3273 | D:3      | Reached skill level 1 in Throwing
  3472 | D:3      | Reached XP level 6. HP: 41/47 MP: 6/6
  3634 | D:3      | XOM: confuse monster(s)
  3829 | D:3      | XOM: god gift: scroll labeled SCHOTO THRAEVATZ
  4037 | D:3      | Reached skill level 5 in Long Blades
  4153 | D:3      | XOM: vitrification
  4849 | D:3      | Reached XP level 7. HP: 40/52 MP: 7/7
  4976 | D:3      | XOM: smoke on damage
  5334 | D:3      | Noticed Johnny's ghost (average HuHu)
  5354 | D:3      | XOM: confuse monster(s)
  5366 | D:3      | Killed Johnny's ghost
  5668 | D:3      | Noticed a gnoll sergeant
  5683 | D:3      | XOM: god gift: blue potion
  5687 | D:3      | XOM: smoke on damage
  5692 | D:3      | Killed a gnoll sergeant
  5692 | D:3      | Reached skill level 6 in Long Blades
  5719 | D:3      | XOM: harmless Necr miscast
  5835 | D:3      | XOM: summons 3 hostile demons
  5894 | D:2      | XOM: god gift: scroll labeled HUZXUO TUITUUGA
  6025 | D:2      | XOM: god gift: thick book {god gift}
  6032 | D:2      | Learned a level 2 spell: Repel Missiles
  6068 | D:2      | XOM: god gift: dagger {god gift}
  6161 | D:2      | XOM: vitrification
  6171 | D:3      | Noticed a kobold demonologist
  6171 | D:3      | XOM: god gift: beef jerky
  6177 | D:3      | Killed a kobold demonologist
  6399 | D:3      | XOM: summons 1 hostile demon
  6525 | D:4      | Noticed Edmund
  6527 | D:4      | XOM: potion effect (haste)
  6557 | D:4      | Found Ohucrag's Armour Shop.
  6561 | D:4      | Killed Edmund
  6561 | D:4      | Reached XP level 8. HP: 55/58 MP: 8/8
  6586 | D:4      | Noticed Natasha
  6587 | D:4      | Got a transparent scale mail
  6594 | D:4      | Killed Natasha
  6605 | D:4      | Identified the cursed +0 scale mail of Iphat {+Inv Str-4 Int-2 Dex+2} (You found it on level 4 of the Dungeon)
  6718 | D:4      | Noticed Natasha
  6721 | D:4      | Killed Natasha
  6747 | D:4      | Slain by a hound

Inventory:

Hand weapons
 a - a +0 falchion of chaos (weapon)
 n - a +0 long sword
Missiles
 c - 2 throwing nets
 i - 2 javelins of returning (quivered)
Armour
 b - a +3 leather armour (worn)
Scrolls
 d - a scroll of noise {unknown}
 e - 3 scrolls of magic mapping {unknown}
 f - 3 scrolls of fear {unknown}
 g - 5 scrolls of remove curse
 h - 2 scrolls of identify {unknown}
 k - a scroll of amnesia
 l - a scroll of teleportation {unknown}
 o - a scroll of blinking {unknown}

Table legend:
 A = Turns spent in this place as a percentage of turns spent in the entire game.
 B = Non-inter-level travel turns spent in this place as a percentage of non-inter-level travel turns spent in the entire game.
 C = Inter-level travel turns spent in this place as a percentage of turns spent in this place.
 D = Turns resting spent in this place as a percentage of non-inter-level travel turns spent in this place.
 E = Turns spent auto-exploring this place as a percentage of non-inter-level travel turns spent in this place.
 F = Non-inter-level travel turns spent in this place divided by the number of levels of this place that you've seen.
                   A       B       C       D       E      F
               +-------+-------+-------+-------+-------+----------------------
         Total | 100.0 | 100.0 |   0.2 |  10.2 |   7.7 | 400.8
       Dungeon | 100.0 | 100.0 |   0.2 |  10.2 |   7.7 | 400.8
               +-------+-------+-------+-------+-------+----------------------


   Skills:
 - Level 3.0 Fighting
 * Level 6.6 Long Blades
 + Level 3.4 Throwing
 + Level 3.5 Armour
 - Level 0.7 Dodging
   Level 1.7 Conjurations


You had 5 spell levels left.
You knew the following spells:

 Your Spells              Type           Power        Failure   Level  Hunger
b - Repel Missiles        Chrm/Air       #.....       56%         2    N/A

Dungeon Overview and Level Annotations

Branches:
Dungeon (4/15)
 Temple: D:4-7

Altars:
Dithmenos

Shops:
D:4 [


Innate Abilities, Weirdness & Mutations

You do not eat or drink.
Your flesh is vulnerable to fire.
Your flesh is cold resistant.
You are immune to negative energy.
Your system is resistant to poisons.
You are immune to unholy pain and torment.
You can survive without breathing.


Message History

The hound bites you. x2
You are too injured to fight recklessly!
You are too injured to fight recklessly!
You hit the hound.
The hound is heavily wounded.
The hound closely misses you. The hound completely misses you.
You hit the hound. You freeze the hound.
The hound is severely wounded.
The hound closely misses you. The hound bites you. The hound bites you.
You miss the hound.
The hound is severely wounded.
The hound closely misses you. The hound bites you.
You hit the hound but do no damage.
The hound is severely wounded.
The hound bites you but does no damage. The hound closely misses you.
You barely miss the hound.
The hound is severely wounded.
The hound closely misses you. The hound bites you.
You barely miss the hound.
The hound is severely wounded.
The hound barely misses you. The hound bites you!
The hound bites you but does no damage.
Read which item? (? for menu, Esc to quit)
Okay, then.
Read which item? (? for menu, Esc to quit)
As you read the scroll labeled SHIYTUSCHYTH, it crumbles to dust.
It is a scroll of enchant armour.
Enchant which item? (? for menu, Esc to quit)
Your +2 leather armour glows green for a moment.
The hound bites you. The hound bites you but does no damage.
Read which item? (? for menu, Esc to quit)
As you read the scroll labeled LOT YNAGEYCU, it crumbles to dust.
The scroll dissolves into smoke.
It was a scroll of fog.
The hound barely misses you. x2
Read which item? (? for menu, Esc to quit)
As you read the scroll labeled CRA MNICHUMUET, it crumbles to dust.
Forget which spell ([?*] list [ESC] exit)?
Your memory of Magic Dart unravels.
It was a scroll of amnesia.
The hound bites you but does no damage. The hound bites you.
You die...

######.# #..#
#.####...##.# #...
..........##.######..#
#.#####.....#.#.......#
....................>...
#.#####.#.#.#.....#.#.#
#§#.#...#..##.#.#
#.#####§#.#>..#.###.#.#
#...§§@§§.....#.. ..#..
#..####h#.##..#.....###
#...h..§§.....#.[......
#..a#......##.#.###.#..
#..........##.#.###.#..
.?.#................#.#..
#...#.##.#.......#.###
#...#.# .#.....†......
#...#.##.###....##.###


You could see a hound (berserk).

Table legend:
 A = Kills in this place as a percentage of kills in entire the game.
 B = Kills by you in this place as a percentage of kills by you in the entire game.
 C = Kills by friends in this place as a percentage of kills by friends in the entire game.
 D = Other kills in this place as a percentage of other kills in the entire game.
 E = Experience gained in this place as a percentage of experience gained in the entire game.
 F = Experience gained in this place divided by the number of levels of this place that you have seen.
                   A       B       C       D       E      F
               +-------+-------+-------+-------+-------+----------------------
         Total | 100.0 | 100.0 | 100.0 | 100.0 | 100.0 | 423.0
       Dungeon | 100.0 | 100.0 | 100.0 | 100.0 | 100.0 | 423.0
               +-------+-------+-------+-------+-------+----------------------

Vanquished Creatures
  A kobold demonologist (D:3)
  The ghost of Johnny the Bolt Thrower, an average HuHu (D:3)
  Edmund (D:4)
  An ogre (D:4)
  A gnoll sergeant (D:3)
  A giant frog (D:3)
  A centaur zombie (D:3)
  A quasit (D:3)
  A crimson imp (D:3)
  2 gnoll shamans (D:3)
  Natasha (D:4)
  32 gnolls
  A giant mite (D:2)
  3 adders
  2 worms (D:3)
  A giant gecko (D:2)
  An ooze (D:2)
  6 orcs (D:3)
  9 bats
  14 goblins
  3 hobgoblins
  14 jackals (D:3)
  7 kobolds
  4 quokkas
  A giant cockroach (D:3)
  2 giant newts
  5 rats
117 creatures vanquished.

Vanquished Creatures (collateral kills)
  A gnoll shaman (D:3)
  3 gnolls (D:3)
  2 worms (D:3)
  A goblin (D:3)
7 creatures vanquished.

Vanquished Creatures (others)
  Natasha (D:4)
1 creature vanquished.

Grand Total: 125 creatures vanquished

Action                   |  1- 3 |  4- 6 |  7- 9 || total
-------------------------+-------+-------+-------++-------
Melee: Falchion          |   117 |   263 |   161 ||   541
Throw: Javelin           |       |       |    16 ||    16
       Throwing net      |       |       |     2 ||     2
 Cast: Magic Dart        |       |     4 |       ||     4
       Repel Missiles    |       |       |     1 ||     1
  Use: Scroll            |       |     1 |     4 ||     5
 Stab: Paralysed         |     1 |     3 |     1 ||     5
       Petrifying        |     1 |       |     3 ||     4
       Sleeping          |     1 |       |       ||     1
       Confused          |       |     2 |       ||     2
       Petrified         |       |       |     2 ||     2

Vault maps used:
D:1:      lemuel_arrival_rhombus, minmay_misc_feat_chi
D:2:      lemuel_coloured_pillars_altar
D:3:      lemuel_castle_with_subvaults, first_bread
D:4:      serial_shops, nicolae_shop_crystal, uniq_natasha, uniq_edmund
